[Event "*** SCC Grand Prix: Titled Tuesday Blitz"]
[Site "Chess.com"]
[Date "2020.06.23"]
[Round "5"]
[White "GM_LOADING"]
[Black "aa175"]
[Result "1-0"]
[WhiteElo "2569"]
[BlackElo "2400"]
[TimeControl "180+1"]
[EndTime "10:57:44 PDT"]
[Termination "GM_LOADING won by checkmate"]

1. e4 c5 2. Nf3 d6 3. d4 cxd4 4.
Nxd4 Nf6 5. Nc3 a6 6. Be2 e6 7.
Be3 Nbd7 8. g4 h6 9. f4 b5 10.
g5 hxg5 11. fxg5 Ng8 12. g6 Ne5 13. gxf7+ Nxf7 14. Qd2 Bb7 15. Nxe6 Qd7 16. Bg4 Ne5 17. Qg2 Nxg4 18. Qxg4 Nf6 19. Qg6+ Qf7 20. Nc7+ Ke7 21. Qxf7+ Kxf7 22. Nxa8 Bxa8 23. O-O-O b4 24. Nd5 Nxe4 25.
Rhf1+ Kg8 26. Bf4 Rh4 27. Bg3 Rh5 28. Nxb4 Rb5 29. Nd3 g6 30. Nf4 Bg7 31. c3 g5 32.
Nh5 Bh8 33. Bxd6 Bd5 34. Be7 Be5 35. Bf6 Bxh2 36. Bd4 Nd6 37. Nf6+ Kh8 38. Nxd5+ Kh7 39. Be3 Kh6 40. c4 Nxc4 41. Nf6 Be5 42. Ng4+ Kg6 43. Nxe5+ Nxe5 44. Bd4 Nc4 45. Bc3 Ne3 46. Rd6+ Kh5 47. Rh1+ Kg4 48. Rg1+ Kf3 49. Rf6+ Ke2 50. Re1+ Kd3 51.
Rd6+ Kc4 52. Rxe3 Rf5 53. Re4+ Kb5 54. Re5+ Rxe5 55. Bxe5 g4 56. Rg6 a5 57. Rxg4 Kc5 58. Bc3 Kd5 59. Rg5+ Kc4 60. Rxa5 Kd3 61. Ra4 Ke3 62.
Rd4 Ke2 63. a4 Ke3 64. a5 Ke2 65. a6 Ke3 66. a7 Kf2 67. a8=Q Ke2 68. Qd5 Kf2 69. Qe5 Kf1 70. Rf4+ Kg2 71. Qg5+ Kh1 72. Rh4# 1-0

[Event "*** SCC Grand Prix: Titled Tuesday Blitz"]
[Site "Chess.com"]
[Date "2020.06.23"]
[Round "5"]
[White "zaur-mammadov"]
[Black "Gerodot71"]
[Result "1-0"]
[WhiteElo "2602"]
[BlackElo "2412"]
[TimeControl "180+1"]
[EndTime "10:57:47 PDT"]
[Termination "zaur-mammadov won by checkmate"]

1. e4 e5 2. Nf3 Nc6 3. Nc3 Nf6 4. Be2 d5 5. exd5 Nxd5 6. O-O Nxc3 7. bxc3 Bd6 8. Rb1 O-O 9. Re1 f5 10. Bc4+ Kh8 11. d3 h6 12. Ng5 Qf6 13. Qh5 Na5 14.
Bd5 c6 15. Nf7+ Kh7 16. Nxd6 cxd5 17. Nxc8 Raxc8 18. Rb5 b6 19. Rxd5 Rxc3 20. Bb2 Rxc2 21. Bxe5 Qe6 22. Qf3 Nc6 23. h4 Rc5 24. Rxc5 bxc5 25.
Bc3 Qd7 26. h5 Rd8 27. Qg3 Nd4 28. Qg6+ Kh8 29. Re5 Rf8 30. Kh2 Qc7 31. f4 Nb5 32. Ba1 Nd4 33. Kh3 Qb6 34. Qxb6 axb6 35. g4 fxg4+ 36.
Kxg4 Ra8 37. Re7 Rxa2 38. Bxd4 cxd4 39. Rd7 Ra4 40. Kf5 Kh7 41. Rd6 b5 42. Rd5 b4 43.
Rb5 Kg8 44. Ke4 Ra1 45. Kxd4 Rh1 46. Kc4 Rf1 47. Rf5 Rb1 48. d4 b3 49. Kc3 b2 50.
Kc2 Rd1 51. Kxb2 Rxd4 52. Kc3 Rd8 53. Kc4 Kh7 54. Kc5 Rf8 55. Rxf8 g6 56. Rf7+ Kg8 57. hxg6 h5 58. f5 h4 59. f6 h3 60. Kd6 h2 61.
Ke7 h1=Q 62. Rf8# 1-0

[Event "*** SCC Grand Prix: Titled Tuesday Blitz"]
[Site "Chess.com"]
[Date "2020.06.23"]
[Round "5"]
[White "Iljushin_Alexey"]
[Black "Poghosyan_Suren"]
[Result "1-0"]
[WhiteElo "2719"]
[BlackElo "2451"]
[TimeControl "180+1"]
[EndTime "10:57:48 PDT"]
[Termination "Iljushin_Alexey won by resignation"]

1. d4 Nf6 2. c4 c5 3. d5 b5 4. Nf3 bxc4 5. Nc3 g6 6. e4 d6 7. h3 Bg7 8. Bxc4 O-O 9. O-O Nbd7 10. Re1 Nb6 11. Bb5 e5 12. dxe6 Bxe6 13. Bf4 d5 14. Bc6 Rc8 15. Bb7 d4 16. Bxc8 Qxc8 17.
Ne2 Nxe4 18. Nexd4 Nxf2 19. Kxf2 cxd4 20. Rc1 Qd8 21.
Be5 d3 22. Bxg7 Kxg7 23. Re3 Nd5 24. Rxd3 Qb6+ 25. Rd4 Qxb2+ 26. Qd2 Qb6 27. Kf1 Nf6 28. a4 Nh5 29. a5 Qb5+ 30. Kf2 Nf6 31. Re1 Rc8 32.
Re5 Qb3 33. Re3 Qb1 34. Re1 Qb3 35. Re2 Rc6 36. Qe3 Qb1 37. Re1 Qb5 38. Qe5 Rc5 39. Qe3 Qxa5 40. Kg1 Rc2 41. Rd2 Rxd2 42. Qxd2 Qb6+ 43.
Qe3 Qa5 44. Qd4 a6 45. Ra1 Qb5 46. Nd2 h6 47. Ne4 Qf5 48. Nd2 Qd5 49. Qc3 Qd6 50. Rf1 Bf5 51. g4 Qb6+ 52. Rf2 Qe6 53. gxf5 gxf5 54.
Rg2+ Kh7 55. Nf3 Qb6+ 56. Qd4 Qb1+ 57. Kh2 Qb8+ 58. Qe5 Qb6 59. Qxf5+ Kh8 60. Ne5 Qe6 61. Qxe6 fxe6 62. Rg6 Nd5 63. Rxh6+ Kg7 64. Rxe6 a5 65. Ra6 Nf4 66. Kg3 Ne2+ 67. Kg4 Nc3 68. Kg5 Nd5 1-0

[Event "*** SCC Grand Prix: Titled Tuesday Blitz"]
[Site "Chess.com"]
[Date "2020.06.23"]
[Round "5"]
[White "Mikhail_Golubev"]
[Black "Phriex"]
[Result "0-1"]
[WhiteElo "2587"]
[BlackElo "2407"]
[TimeControl "180+1"]
[EndTime "10:57:49 PDT"]
[Termination "Phriex won on time"]

1. e4 c5 2. Nf3 e6 3. d4 cxd4 4. Nxd4 Nc6 5. Nc3 Qc7 6. Be3 a6 7. a3 b5 8. Nxc6 Qxc6 9. Bd3 Bb7 10. O-O Bc5 11. Qg4 g6 12. Qg3 Bxe3 13. Qxe3 Ne7 14. Qd4 O-O 15. Qf6 Rae8 16. Rae1 Qc5 17. Re3 Nc6 18. e5 Qe7 19. Ne4 Nd4 20. Nd6 Qxf6 21. exf6 Rb8 22. Rd1 Bc6 23. c3 Nb3 24. h4 Nc5 25. Bc2 Nb7 26. h5 Nxd6 27. Rxd6 a5 28. Be4 Bxe4 29. Rxe4 b4 30. axb4 axb4 31. Rxb4 Rxb4 32.
cxb4 Rb8 33. Rxd7 gxh5 34. Rd4 h6 35. Kh2 Kh7 36. Kg3 Kg6 37. Rf4 Rb5 38. f3 e5 39.
Rc4 Kxf6 40. Kh4 Ke6 41. Kxh5 e4+ 42. Kg4 e3 43. Kf4 e2 44. Re4+ Kf6 45. Rxe2 Rxb4+ 46. Kg3 Rb3 47. Kh4 Kg6 48. Rc2 Rb4+ 49. g4 Rb3 50. f4 f6 51. f5+ Kg7 52. Rc7+ Kf8 53. Kh5 Rb4 54. Rh7 Rxb2 55. Kg6 Rg2 56. Kxf6 Kg8 57.
Rxh6 Rxg4 0-1

[Event "*** SCC Grand Prix: Titled Tuesday Blitz"]
[Site "Chess.com"]
[Date "2020.06.23"]
[Round "5"]
[White "Tsyhanchuk_Stanislav"]
[Black "Schandenfreude"]
[Result "0-1"]
[WhiteElo "2371"]
[BlackElo "2524"]
[TimeControl "180+1"]
[EndTime "10:57:49 PDT"]
[Termination "Schandenfreude won by checkmate"]

1. e4 e6 2. d4 d5 3. Nc3 dxe4 4. Nxe4 Bd7 5. Bd3 Bc6 6. c3 Nd7 7. Nf3 Ngf6 8. Qe2 Nxe4 9. Bxe4 Bxe4 10. Qxe4 c6 11.
O-O Be7 12. Re1 O-O 13. b3 Qa5 14. Bb2 Ba3 15. Bxa3 Qxa3 16. c4 Rad8 17. h4 a5 18. h5 h6 19. g4 Nf6 20. Qf4 Qd6 21. Re5 Nd7 22. Re4 Qxf4 23. Rxf4 Nf6 24. Ne5 Rd6 25. Nf3 Rfd8 26. Re1 b5 27. Re5 Rb8 28. Rc5 Nd7 29.
Ne5 Nxc5 30. dxc5 Rd1+ 31. Kg2 bxc4 32. Nxc6 cxb3 33. axb3 Rxb3 34. Nxa5 Rb5 35. Nc4 Rxc5 36. Ne3 Rd8 37. Kg3 Rb8 38. Ra4 Rc7 39. Ra2 Rf8 40.
Ra5 Rc3 41. Kg2 Rb8 42. Ra2 Rcb3 43. Kg3 Rb2 44. Ra7 Re2 45. Nc4 Rb3+ 46. f3 Rd3 47. Ra8+ Kh7 48. Ra7 f6 49. Ra6 e5 50. Nd6 e4 51. g5 Rxf3+ 52. Kg4 Rg2+ 53. Kh4 fxg5# 0-1

[Event "*** SCC Grand Prix: Titled Tuesday Blitz"]
[Site "Chess.com"]
[Date "2020.06.23"]
[Round "5"]
[White "rasmussvane"]
[Black "swisspower96"]
[Result "0-1"]
[WhiteElo "2877"]
[BlackElo "2629"]
[TimeControl "180+1"]
[EndTime "10:57:50 PDT"]
[Termination "swisspower96 won by resignation"]

1. Nf3 d5 2. g3 Nf6 3. Bg2 c5 4. O-O e6 5. c4 d4 6. e3 Nc6 7.
exd4 cxd4 8. d3 Bd6 9. Bg5 h6 10. Bxf6 Qxf6 11. a3 a5 12. Nfd2 Qe7 13. Re1 O-O 14.
Ne4 Bc7 15. c5 f5 16. Nd6 Bxd6 17. cxd6 Qxd6 18. Nd2 b5 19. Rc1 Bd7 20. Qb3 a4 21.
Qxb5 Rfc8 22. Nc4 Qb8 23. Qc5 Ra6 24. Nd6 Rc7 25. Nb5 Ra5 26. Bxc6 Bxc6 27. Qd6 Rxb5 28.
Rxc6 Rxc6 29. Qxc6 Rb6 30. Qc4 Qd6 31. Re2 Qc6 32.
Qxd4 Rb3 33. Qc4 Qxc4 34. dxc4 Kf7 35. Rc2 Ke7 36. Kf1 Kd7 37. Ke2 Kc6 38. Kd2 e5 39. Kc1 Kc5 40. Kd2 e4 41. Ke2 g5 42. h4 gxh4 43. gxh4 Rh3 44. Rd2 Kxc4 45. Rd6 f4 46. Rb6 Rb3 47. Ra6 Rxb2+ 48. Kf1 Kb3 49. Re6 Kxa3 50.
Rxe4 Rb4 51. Re1 Kb2 52. Re6 a3 53. Rxh6 a2 54. Ra6 a1=Q+ 55. Rxa1 Kxa1 56. Kg2 Rb3 57. h5 Kb2 58. h6 Rb6 59. Kf3 Rxh6 60. Kxf4 Rf6+ 61. Ke3 Kc3 62. f4 Kc4 63. Ke4 Kc5 64. Ke5 Rf8 65. f5 Re8+ 66. Kf6 Kd6 67. Kg7 Re7+ 68.
Kf6 Re1 69. Kf7 Ke5 0-1

[Event "*** SCC Grand Prix: Titled Tuesday Blitz"]
[Site "Chess.com"]
[Date "2020.06.23"]
[Round "5"]
[White "MarcoRiehle"]
[Black "pastouche06"]
[Result "1-0"]
[WhiteElo "2699"]
[BlackElo "2491"]
[TimeControl "180+1"]
[EndTime "10:57:50 PDT"]
[Termination "MarcoRiehle won by resignation"]

1. e4 c6 2. c4 d5 3. cxd5 cxd5 4. exd5 Nf6 5. Nc3 Nxd5 6. Nf3 Nc6 7. Bb5 e6 8. O-O Be7 9. Re1 O-O 10. d4 Qd6 11. a3 Rd8 12. Ne4 Qc7 13. Bd3 Nf6 14. Ng3 b6 15. Bg5 Bb7 16. Rc1 Qd6 17. Bb1 Rac8 18.
Be3 Na5 19. Qd3 Bxf3 20. gxf3 g6 21. b4 Nc6 22. Ne4 Qd7 23. Ba2 Nd5 24. Rc2 f5 25.
Nc3 Bf6 26. Nxd5 exd5 27. Rec1 Ne7 28. Qa6 Rxc2 29. Rxc2 g5 30. f4 gxf4 31. Bxf4 Bxd4 32. Rc7 Qe6 33. Qf1 Kh8 34. Qd1 Be5 35. Qe1 Qg6+ 36. Bg3 Bxg3 37. hxg3 Ng8 38. Rxa7 f4 39. Qe5+ Qf6 40.
Qxf4 Qxf4 41. gxf4 d4 42. Kf1 d3 43. Bxg8 d2 44.
Bb3 d1=Q+ 45. Bxd1 Rxd1+ 46. Kg2 Rd3 47. a4 Rd4 48. b5 Rxf4 49. Kg3 Rb4 50. f4 Rb3+ 51.
Kg4 Kg8 52. f5 Rb4+ 53. Kg5 Kf8 54. Kf6 Ke8 55. Ke6 Re4+ 56. Kd5 Rf4 57. Kc6 Rxf5 58. Kxb6 h5 59. Rh7 Kd8 60. a5 Kc8 61. a6 Rf6+ 62. Ka5 Kb8 63. Rxh5 1-0

[Event "*** SCC Grand Prix: Titled Tuesday Blitz"]
[Site "Chess.com"]
[Date "2020.06.23"]
[Round "5"]
[White "chessplayer9919"]
[Black "ferdipy"]
[Result "0-1"]
[WhiteElo "2519"]
[BlackElo "2367"]
[TimeControl "180+1"]
[EndTime "10:57:50 PDT"]
[Termination "ferdipy won on time"]

1. d4 Nf6 2. c4 e6 3. Nf3 Bb4+ 4. Bd2 Qe7 5. g3 Nc6 6. Bg2 Bxd2+ 7. Nbxd2 d6 8. O-O e5 9. d5 Nb8 10. b4 a5 11. a3 O-O 12. Ne1 Na6 13. Nc2 Bg4 14. h3 Bd7 15. Qb1 b5 16. c5 dxc5 17. bxc5 Nxc5 18. d6 cxd6 19. Bxa8 Rxa8 20. Rd1 Rb8 21. Kh2 Qe6 22. g4 h5 23. f3 e4 24. Re1 Qe5+ 25. Kg2 h4 26. Nf1 Nd5 27. Nce3 Nf4+ 28. Kh1 Nxh3 29.
Qc1 Nb3 30. Qd1 Nf2+ 31. Kg1 Nxd1 32. Raxd1 exf3 33. exf3 Be6 34. Nd5 Qb2 35. Nfe3 Nc5 36. Rb1 Qxa3 37. Ne7+ Kf8 38. Nc6 Rc8 39. Nd4 Qd3 40.
Nxb5 Qg6 41. Nxd6 Rd8 42. Red1 Bxg4 43. Nxg4 Rxd6 44. Rb8+ Ke7 45. Re1+ Ne6 46. Reb1 Rd7 47. Rf1 f5 48. Kf2 fxg4 49. fxg4 Qc2+ 50. Ke3 Qc5+ 51. Ke2 Qc4+ 52. Kf2 Qf4+ 53. Kg1 Qxb8 0-1

[Event "*** SCC Grand Prix: Titled Tuesday Blitz"]
[Site "Chess.com"]
[Date "2020.06.23"]
[Round "5"]
[White "SergeyKarjakin"]
[Black "davidkalashian"]
[Result "1-0"]
[WhiteElo "2949"]
[BlackElo "2645"]
[TimeControl "180+1"]
[EndTime "10:57:52 PDT"]
[Termination "SergeyKarjakin won by resignation"]

1. e4 c5 2. Nf3 a6 3. c3 Nf6 4. e5 Nd5 5. d4 cxd4 6. cxd4 Nc6 7.
Bc4 Nb6 8. Bb3 d5 9. exd6 Qxd6 10. O-O Bf5 11. Nc3 e6 12. d5 exd5 13. Nxd5 Nxd5 14.
Qxd5 Qxd5 15. Bxd5 Rd8 16. Re1+ Be7 17. Bxc6+ bxc6 18. Ne5 Bb4 19. Bg5 Bxe1 20. Bxd8 Bd2 21. Rd1 Bf4 22.
Nxc6 Be6 23. g3 Bh6 24. a4 O-O 25. f4 g6 26. Bf6 Re8 27. b4 Bf8 28. Rd2 Bc4 29.
Be5 Bb3 30. a5 Ba4 31. b5 Bxb5 32. Nd4 Bb4 33. Ra2 Bc3 34. Nxb5 Bxe5 35. fxe5 axb5 36. Kf2 Ra8 37. Ke3 Kf8 38. Kd4 Ke7 39. Kc5 Ke6 40. a6 Kxe5 41. Kxb5 f5 42. a7 g5 43. Ra4 f4 44.
gxf4+ gxf4 45. Kb6 f3 46. Kb7 f2 47. Ra1 Rf8 48.
a8=Q Rxa8 49. Kxa8 Ke4 50. Kb7 Kf3 51. Kc6 Kg2 52. h4 h5 53. Kd5 f1=Q 54. Rxf1 Kxf1 55. Ke4 Kg2 56. Kf4 Kf2 57. Kg5 Kf3 58. Kxh5 Kf4 59. Kg6 Ke5 60. h5 Ke6 61. h6 Ke7 62. h7 1-0

[Event "*** SCC Grand Prix: Titled Tuesday Blitz"]
[Site "Chess.com"]
[Date "2020.06.23"]
[Round "5"]
[White "MrChampion_Coach"]
[Black "deep306"]
[Result "0-1"]
[WhiteElo "2438"]
[BlackElo "2649"]
[TimeControl "180+1"]
[EndTime "10:57:52 PDT"]
[Termination "deep306 won by checkmate"]

1. e4 e6 2. d4 d5 3. e5 c5 4. c3 Nc6 5. Nf3 Bd7 6. Be2 Qc7 7. O-O Nge7 8. Na3 a6 9. Nc2 Ng6 10. h4 h6 11. h5 Nge7 12. Bf4 c4 13. b3 b5 14. Nh2 Nc8 15. Ng4 Nb6 16. bxc4 Nxc4 17. Bxc4 bxc4 18. Rb1 Na7 19. Qf3 Nb5 20. a4 Na7 21. a5 Nc6 22. Nce3 Rc8 23. Nxd5 exd5 24. e6 Bxe6 25. Bxc7 Rxc7 26. Ne5 Nxe5 27. Rb8+ Kd7 28.
dxe5 Rc8 29. Rb7+ Rc7 30. Rb8 Rc8 31. Rfb1 Bc5 32. R8b7+ Rc7 33. Qd1 Rc8 34. Qa4+ Ke7 35. Rxc7+ Rxc7 36. Rb8 Bd7 37. Qd1 Be6 38. Qb1 d4 39. cxd4 Bxd4 40. Qh7 Bxe5 41. Qg8 Rd7 42. Qf8+ Kf6 43. g3 Rd1+ 44. Kh2 c3 45. Rc8 Rd2 46. Rc4 Bxc4 47. Qb4 Bd5 48. Qh4+ Ke6 49. Qg4+ Ke7 50. Qb4+ Kd7 51. Qg4+ Kd8 52. Qa4 Rxf2+ 53. Kg1 Rd2 54. Qh4+ f6 55. Qb4 Bd4+ 56. Kf1 Be5 57. Qf8+ Kd7 58.
Qb4 Ke6 59. Qg4+ Ke7 60. Qb4+ Kf7 61. Qa4 Be6 62. Qc4 Bxc4+ 63. Ke1 Bxg3# 0-1

[Event "*** SCC Grand Prix: Titled Tuesday Blitz"]
[Site "Chess.com"]
[Date "2020.06.23"]
[Round "5"]
[White "TST2014"]
[Black "Batsai"]
[Result "1-0"]
[WhiteElo "2519"]
[BlackElo "2364"]
[TimeControl "180+1"]
[EndTime "10:57:52 PDT"]
[Termination "TST2014 won on time"]

1. d4 d5 2. c4 e6 3. Nf3 Nf6 4. Nc3 Be7 5. Bf4 Nbd7 6. e3 O-O 7. h3 c5 8. cxd5 exd5 9. Rc1 b6 10. Bd3 Bb7 11.
O-O Re8 12. Qc2 c4 13. Bf5 g6 14. Bxd7 Qxd7 15. Ne5 Qe6 16. Qe2 a6 17. a4 Bb4 18. f3 Nh5 19. Bh2 f6 20. Ng4 Bd6 21.
Qf2 Bxh2+ 22. Kxh2 Qd6+ 23. Kg1 Bc6 24. e4 Nf4 25. e5 fxe5 26. dxe5 Rxe5 27. Nxe5 Qxe5 28. Rfe1 Qg5 29. h4 Nh3+ 30. Kf1 Nxf2 31. hxg5 Nd3 32. Rcd1 Nxe1 33. Kxe1 Re8+ 34. Kf2 Rd8 35. Ke3 b5 36. axb5 axb5 37. Kd4 b4 38. Ne2 Re8 39. Nf4 Rf8 40. Nxd5 Bxd5 41. Kc5 Rc8+ 42. Kxb4 Bf7 43. Rd4 Rb8+ 44.
Kc3 Rb3+ 45. Kc2 Rd3 46. Rxd3 cxd3+ 47. Kxd3 Kf8 48. Kd4 Ke7 49. Ke5 Be6 50. b4 Bc4 51. g3 Be2 52. f4 Bd3 53. Kd4 Be2 54. Kc5 Ke6 55. b5 Kf5 56. b6 Bf3 57. Kd6 Kg4 58. Ke5 Kxg3 59. f5 Kg4 60. f6 1-0

[Event "*** SCC Grand Prix: Titled Tuesday Blitz"]
[Site "Chess.com"]
[Date "2020.06.23"]
[Round "5"]
[White "Eltaj_Safarli"]
[Black "exoticprincess"]
[Result "1-0"]
[WhiteElo "2960"]
[BlackElo "2778"]
[TimeControl "180+1"]
[EndTime "10:57:53 PDT"]
[Termination "Eltaj_Safarli won by resignation"]

1. e4 c6 2. d4 d5 3. exd5 cxd5 4. c4 e6 5. Nc3 Nf6 6. Nf3 Be7 7. cxd5 Nxd5 8.
Bd3 Nc6 9. O-O O-O 10. Re1 Bf6 11. Be4 Nce7 12. Qd3 h6 13. Ne5 Nxc3 14. Qxc3 Nf5 15. Be3 Nd6 16. Bd3 Bd7 17. Qb3 Bc6 18. Nxc6 bxc6 19.
Rac1 Rb8 20. Qc2 Nb5 21. Qxc6 Nxd4 22. Qe4 Re8 23. Qh7+ Kf8 24. b3 Rc8 25. Rcd1 Qa5 26.
Bc4 Red8 27. Bd2 Qb6 28. a3 a5 29. Be3 Ke7 30. Qe4 Rd6 31. a4 Rcd8 32. Kf1 Kf8 33.
g3 Kg8 34. h4 Qb4 35. Bf4 R6d7 36. Re3 Nf5 37. Red3 Rd4 38. Rxd4 Rxd4 39. Rxd4 Nxd4 40. Qa8+ Kh7 41. Qe4+ g6 42. h5 Nxb3 43. hxg6+ Kg7 44. gxf7 Nc5 45. Qe2 Kxf7 46. Be3 Nxa4 47. Bxe6+ Kg7 48.
Bf4 Qb1+ 49. Kg2 Nc3 50. Qa6 Qe4+ 51. Kh2 Bd4 52. Bxh6+ Kh7 53. Bf4 Bxf2 54. Qc8 Bxg3+ 55. Bxg3 Qe2+ 56. Kh3 Qh5+ 57. Kg2 Qe2+ 58. Bf2 Qe4+ 59. Kh2 Qe5+ 60. Kh3 Qh5+ 61. Kg2 Qg6+ 62. Bg4 Ne4 63. Bd4 Nf6 64. Qc7+ Kh6 65. Be3+ 1-0

[Event "*** SCC Grand Prix: Titled Tuesday Blitz"]
[Site "Chess.com"]
[Date "2020.06.23"]
[Round "5"]
[White "chessmaugli"]
[Black "biaf13"]
[Result "1-0"]
[WhiteElo "2316"]
[BlackElo "2016"]
[TimeControl "180+1"]
[EndTime "10:57:54 PDT"]
[Termination "chessmaugli won by resignation"]

1. e4 c5 2. Nf3 d6 3. d4 cxd4 4. Qxd4 Nc6 5. Bb5 a6 6. Bxc6+ bxc6 7. c4 e5 8. Qd3 Qc7 9. Nc3 Nf6 10. O-O Be7 11.
b3 O-O 12. Bb2 Bg4 13. h3 Bh5 14. Rac1 Rfd8 15. Qe3 Qb7 16. c5 Bxf3 17. Qxf3 dxc5 18.
Na4 Qb5 19. Bxe5 Rd3 20. Qf4 Rad8 21. Bxf6 Bxf6 22. Rxc5 Qb4 23. Rxc6 Rd1 24. Rxd1 Rxd1+ 25. Kh2 h6 26. Rc8+ Bd8 27. Qc7 Qd6+ 28. Qxd6 Rxd6 29. Nc5 Kh7 30. Nxa6 Rxa6 31. Rxd8 Rxa2 32. Rb8 Rxf2 33. Kg3 Re2 34. Kf3 Rb2 35. Rb7 Kg6 36. b4 Rb3+ 37. Kf4 Rb2 38. g3 h5 39. b5 Rf2+ 40. Ke3 Rh2 41. h4 Rg2 42. Kf3 Rb2 43. b6 f6 44.
Rb8 Rb3+ 45. Kf4 Rb1 46. b7 Kh7 47. Kf5 Rb6 48. g4 hxg4 49. Kxg4 Rb1 50. Kf5 Rb6 51. h5 Rb1 52. h6 gxh6 53. Kxf6 Rb6+ 54. Kf5 Rb1 55.
e5 Rf1+ 56. Ke6 Rb1 57. Kf6 Rf1+ 58. Ke7 Rb1 59. e6 h5 60. Kf6 h4 61. e7 Rf1+ 62. Kg5 Rg1+ 63. Kxh4 Rh1+ 64. Kg5 Rg1+ 65. Kf4 Rf1+ 66. Kg3 Rg1+ 67. Kf2 1-0

[Event "*** SCC Grand Prix: Titled Tuesday Blitz"]
[Site "Chess.com"]
[Date "2020.06.23"]
[Round "5"]
[White "RusPakhom"]
[Black "kidagent"]
[Result "0-1"]
[WhiteElo "2343"]
[BlackElo "2213"]
[TimeControl "180+1"]
[EndTime "10:57:56 PDT"]
[Termination "kidagent won by resignation"]

1. e4 c5 2. c3 d5 3. exd5 Qxd5 4. d4 Nf6 5. Nf3 Bg4 6. Be2 Nc6 7. h3 Bh5 8. c4 Qd8 9. d5 Bxf3 10. Bxf3 Nd4 11. Be3 Nxf3+ 12. Qxf3 Nd7 13. Nc3 g6 14. Ne4 Bg7 15.
O-O b6 16. Rab1 O-O 17. Rfe1 Ne5 18. Qe2 Qd7 19. f4 Qf5 20. Ng3 Qf6 21. fxe5 Qxe5 22.
Nf1 e6 23. Bf2 Qxe2 24. Rxe2 exd5 25. cxd5 Rfe8 26. Rxe8+ Rxe8 27. b3 Rd8 28. Rd1 Bd4 29.
Bxd4 Rxd5 30. Ne3 Rxd4 31. Rxd4 cxd4 32. Nd1 f5 33. Kf2 Kf7 34. Ke2 Ke6 35. Kd3 Kd5 36.
Nb2 b5 37. a4 a6 38. axb5 axb5 39. Nd1 g5 40. Nf2 h5 41. b4 Ke5 42. Kd2 Kf4 43. Nh1 h4 44. Ke2 g4 45. hxg4 fxg4 46. Kd3 h3 47. gxh3 gxh3 48. Kxd4 Kf3 49. Kc5 Kg2 50. Kxb5 Kxh1 51. Ka6 Kg2 52. b5 h2 53. b6 h1=Q 54. b7 Qb1 55. Ka7 Qa2+ 56. Kb6 Qb3+ 57. Kc7 Qc4+ 58. Kb6 Qf4 59. Ka7 Qc7 60.
Ka8 Qa5+ 61. Kb8 Kf3 62. Kc8 Qc5+ 63. Kd7 Qb6 64. Kc8 Qc6+ 0-1

[Event "*** SCC Grand Prix: Titled Tuesday Blitz"]
[Site "Chess.com"]
[Date "2020.06.23"]
[Round "5"]
[White "MacDaddyMac"]
[Black "Irishchessman16"]
[Result "0-1"]
[WhiteElo "2262"]
[BlackElo "2454"]
[TimeControl "180+1"]
[EndTime "10:57:57 PDT"]
[Termination "Irishchessman16 won by resignation"]

1. e4 c5 2. Nc3 Nc6 3. f4 g6 4. Nf3 Bg7 5. Bb5 Nd4 6. O-O Nxb5 7. Nxb5 d5 8. d3 Nf6 9. Qe1 dxe4 10. dxe4 O-O 11. Nc3 b5 12. e5 Nd5 13. Nxb5 Ba6 14. a4 Nb4 15. Qe4 Rb8 16. Be3 Qd5 17.
Qxd5 Nxd5 18. Bxc5 Bxb5 19. axb5 Rxb5 20. c4 Rxc5 21.
cxd5 Rxd5 22. Rxa7 e6 23. b4 Bh6 24. g3 Rb8 25.
Rb1 Rdb5 26. Ra4 Bf8 27. Kg2 Rxb4 28. Raxb4 Rxb4 29. Rxb4 Bxb4 30. Ng5 h6 31. Ne4 Kf8 32.
Kf3 h5 33. g4 hxg4+ 34. Kxg4 Ke7 35. h4 Ba3 36. Nf6 Bc1 37. Kf3 Bd2 38. Ne4 Be1 39.
Kg4 Kf8 40. h5 gxh5+ 41. Kxh5 Kg7 42. Ng5 Bd2 43. Kg4 Bc1 44. Ne4 Kg6 45. Nf6 Bb2 46. Ng8 Ba3 47. Nf6 Be7 48. Nd7 Bd8 49. Nc5 Bb6 50.
Ne4 Be3 51. Ng5 Bc1 52. Kf3 Bb2 53. Ke4 Bc1 54. Nf3 Bb2 55. Ne1 Bc1 56. Nd3 Bd2 57.
Ne1 Bxe1 58. f5+ exf5+ 59. Kd5 Bg3 60. e6 fxe6+ 61. Kxe6 Kg5 62. Kd5 Kf4 63. Kd4 Kf3 64. Kd3 f4 65. Kd2 Kf2 66. Kd3 f3 67. Ke4 Kg2 68. Kf5 f2 69. Kg4 f1=Q 70. Kg5 Qf4+ 71. Kg6 Bh4 72. Kg7 Qf5 73. Kg8 Qf6 74. Kh7 Bg5 75. Kg8 Qg6+ 76. Kf8 Qh7 0-1

[Event "*** SCC Grand Prix: Titled Tuesday Blitz"]
[Site "Chess.com"]
[Date "2020.06.23"]
[Round "5"]
[White "VMikhalevski"]
[Black "BillieKimbah"]
[Result "1/2-1/2"]
[WhiteElo "2795"]
[BlackElo "2858"]
[TimeControl "180+1"]
[EndTime "10:57:58 PDT"]
[Termination "Game drawn - insufficient material"]

1. d4 Nf6 2. Nf3 d5 3. c4 e6 4. g3 dxc4 5. Bg2 c6 6. Ne5 Bb4+ 7. Nc3 Nd5 8. Bd2 Nb6 9. e3 N8d7 10. Ne4 Nxe5 11. dxe5 Be7 12. Qg4 O-O 13. Bc3 Nd5 14. Rd1 Bd7 15. Nf6+ Nxf6 16. exf6 Bxf6 17. Bxf6 Qxf6 18.
Rxd7 Qxb2 19. Qxc4 Rad8 20. Rxd8 Rxd8 21. O-O Rd2 22. a4 g6 23. h4 h5 24. g4 hxg4 25.
Qxg4 Qe5 26. Rb1 Rd7 27. Qg5 Qxg5 28. hxg5 a5 29. Kf1 Kf8 30. Ke2 Ke7 31. f4 Rc7 32.
Kd3 Kd6 33. Kc4 Re7 34. Rd1+ Kc7 35. Rd4 Re8 36. Rd1 e5 37. Rf1 exf4 38. Rxf4 Rxe3 39. Rxf7+ Kb6 40. Bf3 Ra3 41. Rf6 Rxa4+ 42. Kb3 Rb4+ 43. Kc3 Rb1 44. Rxg6 a4 45. Be4 Re1 46. Bc2 a3 47.
Bb3 Re3+ 48. Kb4 Rg3 49. Kxa3 Kc5 50. Rg8 b5 51. g6 b4+ 52. Kb2 Rg2+ 53. Kc1 Kd4 54.
Bf7 Kc3 55. Kd1 b3 56. Rb8 b2 57. Rb3+ Kd4 58. Ke1 b1=Q+ 59. Rxb1 Rg1+ 60. Kf2 Rxb1 61. g7 Rb8 62. g8=Q Rxg8 63. Bxg8 c5 64. Ke2 c4 65. Bxc4 1/2-1/2

[Event "*** SCC Grand Prix: Titled Tuesday Blitz"]
[Site "Chess.com"]
[Date "2020.06.23"]
[Round "5"]
[White "Siniauski"]
[Black "budda"]
[Result "1-0"]
[WhiteElo "2500"]
[BlackElo "2328"]
[TimeControl "180+1"]
[EndTime "10:57:58 PDT"]
[Termination "Siniauski won by resignation"]

1. e4 c5 2. Nf3 Nc6 3. Bb5 g6 4. Bxc6 bxc6 5. O-O Bg7 6. c3 Nh6 7. d4 cxd4 8. cxd4 O-O 9. Nbd2 f5 10. e5 Nf7 11. b3 h6 12. Bb2 e6 13. Ba3 Re8 14. Nc4 Ba6 15. Re1 g5 16. Nd6 g4 17. Nd2 Bd3 18. Nxe8 Qxe8 19. f4 gxf3 20. Qxf3 Ba6 21. h4 Bf8 22. Bxf8 Qxf8 23. Nc4 Kh7 24. Ne3 Qe7 25.
Qf4 Rg8 26. Rad1 Bb7 27. Rf1 Nh8 28. h5 Nf7 29. Nxf5 exf5 30. Qxf5+ Kg7 31. Rd2 Qe6 32.
Qf6+ Qxf6 33. Rxf6 Ng5 34. Rdf2 Kh7 35. Kf1 Rg7 36.
Rf8 Ne6 37. R8f7 Nxd4 38. Rxg7+ Kxg7 39. Rd2 c5 40. b4 Bc6 41. bxc5 Ne6 42. Rc2 Nf4 43. Kf2 Kf7 44. Ke3 Nd5+ 45. Kd4 Ke6 46. Rf2 Ke7 47. Rf5 Nb4 48. Rf6 Nc2+ 49. Kc3 Ne3 50.
Rxh6 Nxg2 51. Rh7+ Ke6 52. h6 Nf4 53. Rg7 Nh5 54. h7 Nxg7 55. h8=Q Kf7 56. Qd8 Ne6 57. Qf6+ Ke8 58. Kc4 a6 59. Qg6+ Ke7 60. Qf6+ Ke8 61.
a3 Bb5+ 62. Kd5 Nd8 63. Kd6 Nf7+ 64. Kc7 Bc6 65. e6 dxe6 66. Qxe6+ 1-0

[Event "*** SCC Grand Prix: Titled Tuesday Blitz"]
[Site "Chess.com"]
[Date "2020.06.23"]
[Round "5"]
[White "SamuelGhimpu2003"]
[Black "etesungam"]
[Result "1/2-1/2"]
[WhiteElo "2591"]
[BlackElo "2419"]
[TimeControl "180+1"]
[EndTime "10:57:59 PDT"]
[Termination "Game drawn - insufficient material"]

1. f4 d5 2. Nf3 g6 3. g3 Bg7 4. Bg2 c5 5. O-O Nc6 6. d3 Nf6 7. Qe1 O-O 8. e4 dxe4 9. dxe4 e5 10. f5 Nd4 11. Na3 gxf5 12. Nh4 Nxe4 13. Nxf5 Bxf5 14. Bxe4 Bxe4 15. Qxe4 f5 16. Qxb7 Rb8 17. Qg2 e4 18. c3 Nf3+ 19. Kh1 Qe8 20. Bf4 Rd8 21. Nc4 Qh5 22.
Nd2 Rd3 23. Nxf3 exf3 24. Qc2 c4 25. Qa4 Qf7 26. Qc6 Rfd8 27. Rxf3 R3d7 28. Re1 h5 29.
Qe6 h4 30. Qxf7+ Kxf7 31. Bg5 Re8 32. Rxf5+ Kg6 33. Rxe8 Kxf5 34. Bxh4 Rd1+ 35. Kg2 Rd2+ 36. Kf3 Rxb2 37. g4+ Kg6 38. Re6+ Kh7 39. Re7 Kg6 40.
Rxa7 Bxc3 41. Rc7 Rxa2 42. Rxc4 Ra3 43. Rc6+ Kf7 44. Ke4 Ra4+ 45. Kd5 Rxg4 46. Bg3 Bf6 47. Rc7+ Kg6 48. Rc2 Rd4+ 49. Ke6 Re4+ 50. Kd5 Rd4+ 51. Kc5 Rg4 52. Rf2 Bd4+ 53. Kd5 Bxf2 54. Bxf2 Kf5 55. Bg3 Ra4 56. Kc5 Ra2 57. Kc4 Rc2+ 58. Kb3 Rg2 59. Kb4 Kg4 60. Kc4 Kh3 61. Kd4 Ra2 62. Kc4 Ra8 63. Kd4 Re8 64. Kd5 Re2 65. Kc4 Ra2 66. Kb3 Rg2 67. Kc4 Re2 68. Kd3 Re8 69.
Kd4 Rd8+ 70. Kc5 Rc8+ 71. Kd6 Ra8 72. Kd5 Ra4 73. Kc5 Ra3 74. Kc4 Rxg3 75. hxg3 Kxg3 1/2-1/2